 Dungeon Crawl Stone Soup version 0.30-a0-586-g23e55c9e0a (webtiles) character file.

Game seed: 1759945225329269219

101414 wormed the Prestidigitator (level 16, -12/161 HPs)
             Began as a Gnoll Wanderer on Jan 4, 2023.
             Was the Champion of Cheibriados.
             Mangled by an Executioner (15 damage)
             ... on level 3 of the Abyss.
             The game lasted 00:38:57 (20265 turns).

wormed the Prestidigitator (Gnoll Wanderer)        Turns: 20265, Time: 00:38:57

Health: -12/161    AC: 32    Str: 33      XL:     16   Next: 30%
Magic:  6/30       EV: 24    Int: 25 (27) God:    Cheibriados [******]
Gold:   185        SH: 11    Dex: 31      Spells: 8/36 levels left

rFire   . . .      SeeInvis .    V - +10 scimitar of Harmony {venom, +Blink rN+++ rCorr Dex-2}
rCold   . . .      Faith    .    b - +2 buckler
rNeg    + + +      Spirit   .    (body armour currently unavailable)
rPois   ∞          Reflect  .    (no helmet)
rElec   +          Harm     .    q - +0 cloak "Onokk" {Dex+3 Stlth+}
rCorr   +          Rampage  .    (gloves currently unavailable)
Will    +....                    (boots currently unavailable)
Stlth   +++++++                  P - amulet of regeneration
HPRegen 0.00/turn                B - +6 ring of strength
MPRegen 0.22/turn                n - +4 ring of protection

@: statue-form, sick, very slow
A: slow and powerful, torment resistance 1, boosted hp, fangs 1, strong nose,
distributed training, clumsy 1, dopey 1, inability to drink after injury 1
a: End Transformation, Renounce Religion, Evoke Blink, Bend Time, Temporal
Distortion, Slouch, Step From Time


You were on level 3 of the Abyss.
You worshipped Cheibriados.
Cheibriados was exalted by your worship.
You were a living statue of rough stone.
You visited 3 branches of the dungeon, and saw 20 of its levels.
You visited the Abyss 1 time.
You also visited: Bailey and Gauntlet.

You collected 1553 gold pieces.
You spent 1368 gold pieces at shops.

Inventory:

Hand Weapons
 L - a +5 quick blade of distortion
 V - the +10 scimitar of Harmony (weapon) {venom, +Blink rN+++ rCorr Dex-2}
   (You found it in a Gauntlet)

   It poisons the flesh of those it strikes.
   Dex:       It affects your dexterity (-2).
   rN:        It renders you almost immune to negative energy.
   +Blink:    It lets you blink.
   rCorr:     It protects you from acid and corrosion.
Missiles
 o - 7 atropa-tipped darts
 C - 15 poisoned darts (quivered)
 U - 7 javelins
Armour
 b - a +2 buckler (worn)
 q - the +0 cloak "Onokk" (worn) {Dex+3 Stlth+}
   (You found it on level 4 of the Lair of Beasts)

   Dex:       It affects your dexterity (+3).
   Stlth:     It makes you more stealthy.
 H - a +2 pair of boots of flying (melded)
 J - a +1 pair of gloves of strength (melded)
 W - a +1 troll leather armour (melded)
Jewellery
 g - a ring of see invisible
 n - a +4 ring of protection (right fist)
 u - a ring of flight
 z - a ring of resist corrosion
 B - a +6 ring of strength (left fist)
 I - a ring of positive energy
 K - an amulet of magic regeneration
 P - an amulet of regeneration (around neck)
Wands
 s - a wand of mindburst (12)
 t - a wand of digging (17)
 x - a wand of charming (15)
 M - a wand of light (12)
 O - a wand of roots (3)
 Q - a wand of flame (30)
 T - a wand of polymorph (7)
Scrolls
 i - a scroll of identify
 l - 2 scrolls of enchant armour
 m - 7 scrolls of fog
 p - 2 scrolls of immolation
 r - 3 scrolls of amnesia
 y - 2 scrolls of magic mapping
 D - 4 scrolls of teleportation
 N - a scroll of enchant weapon
Potions
 a - 3 potions of flight
 d - 2 potions of resistance
 e - 3 potions of brilliance
 f - 2 potions of attraction
 h - 3 potions of curing
 j - 5 potions of lignification
 k - a potion of berserk rage
 v - 4 potions of mutation
 w - 2 potions of magic
 A - a potion of might
 E - a potion of ambrosia
 F - 2 potions of cancellation
 G - 4 potions of invisibility
Miscellaneous
 R - a phantom mirror


   Skills:
 + Level 10.6 Fighting
 + Level 11.6 Short Blades
 + Level 10.6 Long Blades
 + Level 10.6 Axes
 + Level 10.6 Maces & Flails
 + Level 10.6 Polearms
 + Level 10.6 Staves
 + Level 10.6 Ranged Weapons
 + Level 10.6 Throwing
 + Level 11.6 Armour
 + Level 10.6 Dodging
 + Level 11.4 Stealth
 + Level 11.6 Shields
 + Level 10.6 Unarmed Combat
 + Level 10.6 Spellcasting
 + Level 8.9 Conjurations
 + Level 8.9 Hexes
 + Level 8.9 Summonings
 + Level 8.9 Necromancy
 + Level 8.9 Translocations
 + Level 8.9 Transmutations
 + Level 8.9 Fire Magic
 + Level 8.9 Ice Magic
 + Level 8.9 Air Magic
 + Level 8.9 Earth Magic
 + Level 8.9 Poison Magic
 + Level 11.5 Invocations
 + Level 11.6 Evocations


You had 8 spell levels left.
You knew the following spells:

 Your Spells              Type           Power      Damage    Failure   Level
a - Statue Form           Tmut/Erth      36%        N/A       22%         6
b - Manifold Assault      Tloc           55%        N/A       1%          4
c - Irradiate             Conj/Tmut      27%        3d20      3%          5
d - Blink                 Tloc           100%       N/A       1%          2
e - Dispersal             Tloc           27%        N/A       22%         6
f - Silence               Hex/Air        27%        N/A       3%          5

Your spell library contained the following spells:

 Spells                   Type           Power      Damage    Failure   Level
 Shock                    Conj/Air       100%       1d9       1%          1
 Call Canine Familiar     Summ           55%        N/A       1%          3
 Summon Guardian Golem    Hex/Summ       55%        N/A       1%          3
 Petrify                  Tmut/Erth      55%        N/A       1%          4
 Sticky Flame             Conj/Fire      55%        2d7       1%          4
 Summon Ice Beast         Ice/Summ       55%        N/A       1%          4
 Blade Hands              Tmut           27%        N/A       3%          5
 Metabolic Englaciation   Hex/Ice        27%        N/A       3%          5
 Summon Mana Viper        Hex/Summ       55%        N/A       3%          5
 Dragon Form              Tmut           27%        N/A       75%         7
 Monstrous Menagerie      Summ           27%        N/A       75%         7
 Storm Form               Tmut/Air       27%        N/A       75%         7
 Disjunction              Tloc           27%        N/A       100%        8
 Chain Lightning          Conj/Air       27%        3d36      100%        9


Dungeon Overview and Level Annotations

Branches:
Dungeon (14/15)            Temple (1/1) D:7            Lair (5/5) D:9
  Swamp (0/4) Lair:2        Snake (0/4) Lair:2        Slime (0/5) Lair:5
    Orc (0/2) D:12         Vaults (0/5) D:14         Bailey (visited)
Gauntlet (visited)

Altars:
Ashenzari
Cheibriados
Dithmenos
Elyvilon
Fedhas
Gozag
Hepliaklqana
Kikubaaqudgha
Makhleb
Nemelex Xobeh
Okawaru
Qazlal
Ru
Sif Muna
Trog
Uskayaw
Vehumet
Wu Jian
Xom
Yredelemnul
Zin
The Shining One

Shops:
D:7 [   D:14 :

Portals:
Trove: D:12 (give 7 scrolls of fear)

Annotations:
D:7 1 runed translucent door, Newt's ghost, novice DsGl
D:14 Rupert
Abyss:1 Zun Lasmi's ghost, journeyman VSTm


Innate Abilities, Weirdness & Mutations

You are a living statue of rough stone.
Your actions are slow, but your melee attacks are powerful.
You are resistant to unholy torment.
Your maximum health is greatly increased.
You are immune to poison.
Your equipment is partially melded.
You have very sharp teeth.
Your uncanny sense of smell can sniff out nearby items.
Your experience applies equally to all skills.
You are clumsy. (Dex -2)
You are dopey. (Int -2)
You occasionally lose the ability to drink potions when taking damage.


Message History

You block the Executioner's attack. The Executioner closely misses you.
The Executioner hits you but does no damage. x2
The Executioner closely misses you.
The Executioner hits you but does no damage.
The Executioner completely misses you.
The Executioner hits you but does no damage.
The Executioner completely misses you.
A large abomination comes into view.
The Executioner hits you but does no damage.
The Executioner completely misses you.
The Executioner hits you but does no damage.
The raiju bursts into living lightning!
The living lightning misses you.
The raiju blinks!
The Executioner hits you.
* * * LOW HITPOINT WARNING * * *
The Executioner completely misses you.
The Executioner hits you but does no damage.
You see here a raiju corpse.
Blink to where?
Press: ? - help, Dir - move target
As you read the scroll of blinking, it crumbles to dust.
You block the raiju's attack.
As you read the scroll of fog, it crumbles to dust.
The scroll dissolves into smoke.
The Executioner completely misses you. The Executioner closely misses you.
The Executioner completely misses you. The Executioner hits you!!
* * * LOW HITPOINT WARNING * * *
The Executioner hits you but does no damage. x2
The raiju completely misses you.
The Executioner hits you but does no damage.
The Executioner barely misses you. You block the Executioner's attack.
As you read the scroll of fear, it crumbles to dust.
You assume a fearsome visage.
The raiju looks frightened!
The Executioner resists with almost no effort.
The Executioner hits you but does no damage. x3
You block the Executioner's attack. The Executioner misses you.
The Executioner hits you but does no damage.
The Executioner closely misses you.
The Executioner hits you but does no damage.
You block the Executioner's attack. The Executioner hits you!
You die...

#.#.# #.#.# .X...
#.#.# #
###X#.#######
.#####...#.†......
#h§§....§)........
##§1§..⌠⌠⌠###⌠) #
# #§8#####8##
##8## ##§+ ## ##
#§+ ..+ ## ..# #
## .... . ⌠ #⌠ ##
##... .. ) .. .
### .# # # ..


You could see an Executioner (fast) and a raiju (fleeing).

Vanquished Creatures
  An orc warlord (Bailey)
  A minotaur (Abyss:2)
  A lorocyproca (Abyss:3)
  2 hydras
  A two-headed ogre (D:13)
  4 centaur warriors
  A catoblepas (D:14)
  2 dancing weapons (Abyss:3)
  8 boulder beetles
  2 tengu warriors (D:14)
  7 death yaks
  A lindwurm (Lair:3)
  A deep elf pyromancer (D:13)
  An orc knight (D:14)
  A manticore (D:12)
  2 large abominations
  6 cyclopes
  A moth of wrath (Lair:4)
  5 black mambas
  11 elephants
  An apocalypse crab (Abyss:3)
  4 torpor snails
  12 cane toads
  4 rime drakes
  2 kobold demonologists
  An efreet (D:14)
  7 komodo dragons
  A tengu conjurer (D:14)
  2 ice devils (Lair:1)
  4 polar bears
  5 trolls
  A wolf spider simulacrum (Gauntlet)
  14 blink frogs
  6 raiju
  Grinder (D:3)
  7 dream sheep (Lair:5)
  5 hornets
  A shadow (D:5)
  2 centaur simulacra
  Sigmund (D:3)
  4 slime creatures (D:14)
  2 wyverns
  A ynoxinul (Gauntlet)
  11 spriggans (Lair:5)
  4 wraiths
  12 humans
  5 basilisks
  2 neqoxecs (Abyss:3)
  26 yaks
  A steam dragon (D:8)
  3 redbacks (Gauntlet)
  4 vampire mosquitoes (D:11)
  A small abomination (Abyss:3)
  Menkaure (D:7)
  3 nagas (Lair:2)
  2 acid dragons (D:9)
  A hydra simulacrum (Gauntlet)
  10 water moccasins
  9 orc warriors
  A sky beast (D:6)
  9 black bears
  2 ice beasts
  5 boggarts (Lair:5)
  17 wolves (Lair:5)
  5 centaurs
  2 ogres (D:6)
  3 phantoms
  2 kobold brigands
  2 scorpions
  A gnoll sergeant (D:8)
  12 bullfrogs
  2 necrophages
  12 wights
  6 killer bees (D:10)
  An electric eel (Lair:2)
  2 howler monkeys
  A crimson imp (Abyss:3)
  A lava snake (D:8)
  8 hounds
  An iron imp (Gauntlet)
  9 jellies
  3 orc priests
  2 gnoll boudas
  3 iguanas
  A centaur skeleton (D:5)
  6 hell rats
  Terence (D:3)
  6 orc wizards
  A hound skeleton (D:5)
  A mummy (D:4)
  13 gnolls
  2 river rats (D:9)
  13 adders
  3 white imps
  An ufetubus (D:4)
  An adder zombie (D:5)
  2 worms
  2 dart slugs
  22 orcs
  8 ball pythons
  6 endoplasms
  A giant cockroach (D:1)
  11 goblins
  7 hobgoblins
  4 quokkas
  5 bats
  A frilled lizard (D:3)
  28 kobolds
  9 rats
509 creatures vanquished.

Vanquished Creatures (collateral kills)
  A gnoll (Bailey)
1 creature vanquished.

Vanquished Creatures (others)
  28 fungi
  30 plants
  A withered plant (D:5)
59 creatures vanquished.

Grand Total: 569 creatures vanquished

Notes
Turn   | Place    | Note
-------+----------+-------------------------------------------
     0 | D:1      | wormed the Gnoll Wanderer began the quest for the Orb.
     0 | D:1      | wormed set off with the following items: a +0 short sword,
                  | a +2 buckler, a +0 pair of boots, a potion of heal wounds,
                  | a +0 leather armour.
     0 | D:1      | Reached XP level 1. HP: 13/13 MP: 1/1
   111 | D:1      | You fall into a shaft and drop 1 floor!
   179 | D:1      | Reached XP level 2. HP: 19/19 MP: 2/2
   913 | D:2      | Reached XP level 3. HP: 25/25 MP: 3/3
  1078 | D:2      | Reached skill level 1 in Invocations
  1295 | D:2      | Reached skill level 1 in Fighting
  1295 | D:2      | Reached skill level 1 in Long Blades
  1295 | D:2      | Reached skill level 1 in Axes
  1295 | D:2      | Reached skill level 1 in Maces & Flails
  1295 | D:2      | Reached skill level 1 in Polearms
  1295 | D:2      | Reached skill level 1 in Staves
  1295 | D:2      | Reached skill level 1 in Ranged Weapons
  1295 | D:2      | Reached skill level 1 in Throwing
  1295 | D:2      | Reached skill level 1 in Dodging
  1295 | D:2      | Reached skill level 1 in Unarmed Combat
  1295 | D:2      | Reached skill level 1 in Spellcasting
  1460 | D:2      | Reached XP level 4. HP: 29/32 MP: 5/5
  1985 | D:3      | Noticed Terence
  2010 | D:3      | Killed Terence
  2011 | D:3      | Reached skill level 1 in Conjurations
  2011 | D:3      | Reached skill level 1 in Hexes
  2011 | D:3      | Reached skill level 1 in Summonings
  2011 | D:3      | Reached skill level 1 in Necromancy
  2011 | D:3      | Reached skill level 1 in Translocations
  2011 | D:3      | Reached skill level 1 in Transmutations
  2011 | D:3      | Reached skill level 1 in Fire Magic
  2011 | D:3      | Reached skill level 1 in Ice Magic
  2011 | D:3      | Reached skill level 1 in Air Magic
  2011 | D:3      | Reached skill level 1 in Earth Magic
  2011 | D:3      | Reached skill level 1 in Poison Magic
  2112 | D:3      | Identified the +5 hand axe of Dithmenos's Wrath {drain, rF+
                  | Int-4 Stlth+}
  2165 | D:3      | Found a shimmering blue altar of Sif Muna.
  2201 | D:3      | Found a sparkling altar of Nemelex Xobeh.
  2282 | D:3      | Noticed Grinder
  2284 | D:3      | Paralysed by Grinder for 4 turns
  2288 | D:3      | Killed Grinder
  2289 | D:3      | Reached skill level 5 in Short Blades
  2289 | D:3      | Reached skill level 5 in Armour
  2289 | D:3      | Reached skill level 5 in Shields
  2289 | D:3      | Reached skill level 5 in Evocations
  2289 | D:3      | Reached XP level 5. HP: 8/38 MP: 5/8
  2289 | D:3      | Reached XP level 6. HP: 10/44 MP: 5/9
  2603 | D:3      | Noticed Sigmund
  2757 | D:3      | Killed Sigmund
  2758 | D:3      | Reached XP level 7. HP: 41/51 MP: 10/10
  3071 | D:4      | Reached skill level 5 in Stealth
  3393 | D:4      | Found a snail-covered altar of Cheibriados.
  3407 | D:4      | Became a worshipper of Cheibriados the Contemplative
  3492 | D:4      | Found a burning altar of Makhleb.
  3545 | D:4      | Reached XP level 8. HP: 54/58 MP: 12/12
  4437 | D:5      | Entered Level 5 of the Dungeon
  4467 | D:5      | Found a blossoming altar of Fedhas.
  4586 | D:5      | Found an ancient bone altar of Kikubaaqudgha.
  4674 | D:5      | Reached * piety under Cheibriados
  4732 | D:5      | Noticed a shadow
  4732 | D:5      | Noticed a wyvern
  4753 | D:5      | Killed a wyvern
  4761 | D:5      | Killed a shadow
  4984 | D:5      | Reached XP level 9. HP: 59/65 MP: 13/15
  5754 | D:6      | Reached ** piety under Cheibriados
  6164 | D:6      | Reached skill level 5 in Invocations
  6539 | D:7      | Found Keomano's Armour Shop.
  6572 | D:7      | Found a staircase to the Ecumenical Temple.
  6930 | D:7      | Reached skill level 5 in Fighting
  6930 | D:7      | Reached skill level 5 in Long Blades
  6930 | D:7      | Reached skill level 5 in Axes
  6930 | D:7      | Reached skill level 5 in Maces & Flails
  6930 | D:7      | Reached skill level 5 in Polearms
  6930 | D:7      | Reached skill level 5 in Staves
  6930 | D:7      | Reached skill level 5 in Ranged Weapons
  6930 | D:7      | Reached skill level 5 in Throwing
  6930 | D:7      | Reached skill level 5 in Dodging
  6930 | D:7      | Reached skill level 5 in Unarmed Combat
  6930 | D:7      | Reached skill level 5 in Spellcasting
  6930 | D:7      | Reached XP level 10. HP: 17/70 MP: 17/17
  7197 | D:7      | Found a runed translucent door.
  7198 | D:7      | Found a shimmering altar of Xom.
  7198 | D:7      | Noticed Newt's ghost (novice DsGl)
  7199 | D:7      | Noticed a +1 falchion of chaos
  7238 | D:7      | Noticed Menkaure
  7248 | D:7      | Killed Menkaure
  7521 | Temple   | Entered the Ecumenical Temple
  7581 | D:8      | Reached *** piety under Cheibriados
  7608 | D:8      | Found a flagged portal.
  7646 | Bailey   | Entered a bailey
  7651 | Bailey   | Noticed an orc warlord
  7799 | Bailey   | Found a runed translucent gate.
  7800 | Bailey   | Found a runed translucent gate.
  7801 | Bailey   | Found a runed translucent gate.
  7885 | Bailey   | Reached **** piety under Cheibriados
  7959 | Bailey   | Killed an orc warlord
  7974 | Bailey   | Got the Information on Bringing Forth and the Pyre
  7984 | Bailey   | Acquired a +2 pair of boots of flying
  8642 | D:9      | Noticed a death yak
  8643 | D:9      | Noticed a death yak
  8647 | D:9      | Noticed a death yak
  8662 | D:9      | Found a staircase to the Lair.
  8804 | D:9      | Reached skill level 5 in Conjurations
  8804 | D:9      | Reached skill level 5 in Hexes
  8804 | D:9      | Reached skill level 5 in Summonings
  8804 | D:9      | Reached skill level 5 in Necromancy
  8804 | D:9      | Reached skill level 5 in Translocations
  8804 | D:9      | Reached skill level 5 in Transmutations
  8804 | D:9      | Reached skill level 5 in Fire Magic
  8804 | D:9      | Reached skill level 5 in Ice Magic
  8804 | D:9      | Reached skill level 5 in Air Magic
  8804 | D:9      | Reached skill level 5 in Earth Magic
  8804 | D:9      | Reached skill level 5 in Poison Magic
  8881 | D:9      | Reached XP level 11. HP: 27/81 MP: 20/20
  9377 | D:10     | Entered Level 10 of the Dungeon
  9491 | D:10     | Found a sacrificial altar of Ru.
  9702 | D:10     | Acquired a +4 quick blade of distortion
 10215 | D:11     | Reached ***** piety under Cheibriados
 10217 | D:11     | Noticed a two-headed ogre
 10224 | D:11     | Banished a two-headed ogre
 10338 | D:11     | Found a radiant altar of Vehumet.
 10391 | D:11     | Noticed a centaur warrior
 10393 | D:11     | Killed a centaur warrior
 10420 | D:11     | Noticed a cyclops
 10422 | D:11     | Killed a cyclops
 10593 | D:11     | Noticed a cyclops
 10604 | D:11     | Killed a cyclops
 10607 | D:11     | Noticed a boulder beetle
 10648 | D:11     | Killed a boulder beetle
 10649 | D:11     | Reached XP level 12. HP: 66/91 MP: 22/22
 10934 | D:9      | Banished a death yak
 10959 | D:9      | Killed a death yak
 10965 | D:9      | Killed a death yak
 10987 | D:9      | Identified the +2 robe of Mutualism {MP+9 Int+4}
 11445 | D:12     | Found the +6 shillelagh "Devastator" {shatter}
 11475 | D:12     | Found a staircase to the Orcish Mines.
 11525 | D:12     | Noticed a boulder beetle
 11539 | D:12     | Killed a boulder beetle
 11644 | D:12     | Found a portal to a secret trove of treasure.
 11888 | D:12     | Noticed a boulder beetle
 11924 | D:12     | Killed a boulder beetle
 12093 | D:12     | Found a white marble altar of Elyvilon.
 12463 | Lair:1   | Entered Level 1 of the Lair of Beasts
 13513 | Lair:1   | Reached XP level 13. HP: 84/98 MP: 25/25
 14107 | Lair:2   | Found a staircase to the Swamp.
 14188 | Lair:2   | Found a staircase to the Snake Pit.
 14405 | Lair:2   | Found a snail-covered altar of Cheibriados.
 14906 | Lair:3   | Reached ****** piety under Cheibriados
 15456 | Lair:4   | Noticed Zun Lasmi's ghost (journeyman VSTm)
 15461 | Lair:4   | Found a transporter.
 15485 | Lair:4   | Reached skill level 10 in Short Blades
 15485 | Lair:4   | Reached skill level 10 in Armour
 15485 | Lair:4   | Reached skill level 10 in Shields
 15485 | Lair:4   | Reached skill level 10 in Evocations
 15997 | Lair:4   | Found a transporter.
 16353 | Lair:4   | Reached skill level 10 in Stealth
 16399 | Lair:4   | Banished Zun Lasmi's ghost
 16431 | Lair:4   | Identified the +0 cloak "Onokk" {Dex+3 Stlth+}
 16484 | Lair:5   | Entered Level 5 of the Lair of Beasts
 16487 | Lair:5   | Reached XP level 14. HP: 108/108 MP: 27/27
 16517 | Lair:5   | Reached skill level 10 in Invocations
 16554 | Lair:5   | Found a gate leading to a gauntlet.
 16563 | Gauntlet | Entered a Gauntlet
 16563 | Gauntlet | Found a transporter.
 16563 | Gauntlet | Found a transporter.
 16576 | Gauntlet | Found a transporter.
 16591 | Gauntlet | Found a runed translucent door.
 16594 | Gauntlet | Found a transporter.
 16594 | Gauntlet | Found a transporter.
 16597 | Gauntlet | Found a transporter.
 16597 | Gauntlet | Found a transporter.
 16605 | Gauntlet | Noticed a reaper
 16613 | Gauntlet | Found a transporter.
 16627 | Gauntlet | Found a transporter.
 16636 | Gauntlet | Found a runed translucent gate.
 16637 | Gauntlet | Found a transporter.
 16637 | Gauntlet | Found a runed translucent gate.
 16638 | Gauntlet | Found a runed translucent gate.
 16652 | Gauntlet | Found a transporter.
 16673 | Gauntlet | Found a transporter.
 16673 | Gauntlet | Found a transporter.
 16686 | Gauntlet | Found a transporter.
 16848 | Gauntlet | Identified the amulet "Suph" {Harm Regen+ Int+2 Dex-5}
 16938 | Gauntlet | Identified the +10 scimitar of Harmony {venom, +Blink rN+++
                  | rCorr Dex-2}
 16939 | Gauntlet | Got the Handbook of Clouds
 17540 | Lair:5   | Found a staircase to the Slime Pits.
 18653 | Lair:5   | Reached skill level 10 in Fighting
 18653 | Lair:5   | Reached skill level 10 in Long Blades
 18653 | Lair:5   | Reached skill level 10 in Axes
 18653 | Lair:5   | Reached skill level 10 in Maces & Flails
 18653 | Lair:5   | Reached skill level 10 in Polearms
 18653 | Lair:5   | Reached skill level 10 in Staves
 18653 | Lair:5   | Reached skill level 10 in Ranged Weapons
 18653 | Lair:5   | Reached skill level 10 in Throwing
 18653 | Lair:5   | Reached skill level 10 in Dodging
 18653 | Lair:5   | Reached skill level 10 in Unarmed Combat
 18653 | Lair:5   | Reached skill level 10 in Spellcasting
 18654 | Lair:5   | Reached XP level 15. HP: 115/115 MP: 27/29
 19341 | D:14     | Noticed Rupert
 19341 | D:14     | Found a gate to the Vaults.
 19393 | D:14     | Found a sparkling altar of Nemelex Xobeh.
 19516 | D:14     | Reached XP level 16. HP: 104/123 MP: 30/30
 19534 | D:14     | Learned a level 4 spell: Manifold Assault
 19540 | D:14     | Learned a level 5 spell: Silence
 19547 | D:14     | Learned a level 6 spell: Dispersal
 19554 | D:14     | Learned a level 6 spell: Statue Form
 19946 | D:14     | Found Ehohuin's Book Shop.
 19950 | D:14     | Bought a book of Transfigurations for 760 gold pieces
 19950 | D:14     | Bought an Inescapable Atlas for 608 gold pieces
 19953 | D:14     | Learned a level 2 spell: Blink
 19959 | D:14     | Learned a level 5 spell: Irradiate
 20027 | Abyss:2  | Cast into level 2 of the Abyss (a wizard)
 20145 | Abyss:2  | Noticed a tentacled starspawn
 20146 | Abyss:2  | Found a corrupted altar of Lugonu.
 20193 | Abyss:3  | Found a corrupted altar of Lugonu.
 20195 | Abyss:3  | Gained mutation: You are clumsy. (Dex -2) [a neqoxec]
 20195 | Abyss:3  | Gained mutation: You are dopey. (Int -2) [a neqoxec]
 20196 | Abyss:3  | Found a corrupted altar of Lugonu.
 20201 | Abyss:3  | Gained mutation: You occasionally lose the ability to drink
                  | potions when taking damage. [a neqoxec]
 20255 | Abyss:3  | Noticed an Executioner
 20264 | Abyss:3  | HP: 3/161 [Executioner (18)]
 20265 | Abyss:3  | Mangled by an Executioner

Illustrated notes

Levels and vault maps discovered:
D:1:      lordsloth_arrival_two_stooges, layout_basic,
          chequers_serial_rivers_marsh
D:2:      layout_loops_corners, solitary_fountain
D:3:      layout_loops_cross, mainiacjoe_overflow_chevrons,
          mainiacjoe_overflow_paths, hex_large, uniq_sigmund, uniq_terence,
          uniq_grinder
D:4:      layout_loops_corners, slow_altar_2, makhleb_heckhound_becter
D:5:      kennysheep_big_flooded_room, layout_basic,
          mainiacjoe_overflow_brackets, kennysheep_mini, serial_undead,
          serial_undead_f, serial_undead_b, serial_undead_a, serial_undead_a
D:6:      layout_basic
D:7:      layout_loops_ring, minmay_temple_entry_junction, ebering_ghost_xom,
          serial_shops, shop, uniq_menkaure
D:8:      layout_rooms, enter_bailey_5, kennysheep_big_empty_room,
          amethyst_killhole
D:9:      layout_irregular_city, dpeg_lair_monsters, hangedman_corner_corridor
D:10:     layout_loops_ring, lemuel_tele_altar
D:11:     layout_roguey, fiery_altar_vehumet
D:12:     layout_loops_corners, orc_david_3, enter_trove_2,
          hangedman_stone_soup, nicolae_kite_square_tiling_tiny,
          amcnicky_mini_corridor_feature, elyvilon_altar_4
D:13:     layout_cross
D:14:     layout_loops_corners, david_vaults_3, serial_shops, shop_fountains,
          shop, shop_coins, nemelex_lonely_heart_becter
Temple:   minmay_freezing_vapour_temple
Lair:1:   layout_layer_cave, portal_ice_cave_demonic_guard, nzn_random_ring
Lair:2:   layout_regular_city, minmay_swamp_entry_eels,
          nicolae_snake_entry_squirm, kennysheep_snail_temple
Lair:3:   layout_chaotic_city, dreamdust_gnoll_shepherd
Lair:4:   layout_cave_pods, gammafunk_ghost_berserking_beasts,
          grunt_megastairs_4
Lair:5:   minmay_lair_end_enchanted_forest, layout_cave_pods,
          nicolae_slime_entry_field_trip, gauntlet_entry_generic
Abyss:3:  base: D:15, evilmike_abyss_rune_tso_outpost,
          evilmike_abyss_rune_tso_outpost, evilmike_abyss_exit_6

Skill      XL: |  1  2  3  4  5  6  7  8  9 10 11 12 13 14 |
---------------+-------------------------------------------+-----
Invocations    | 1 2 3 4 5 6 7 8 9 11 | 11.5
Fighting       | 1 2 3 4 5 6 7 8 9 10 | 10.6
Long Blades    | 1 2 3 4 5 6 7 8 9 10 | 10.6
Axes           | 1 2 3 4 5 6 7 8 9 10 | 10.6
Maces & Flails | 1 2 3 4 5 6 7 8 9 10 | 10.6
Polearms       | 1 2 3 4 5 6 7 8 9 10 | 10.6
Staves         | 1 2 3 4 5 6 7 8 9 10 | 10.6
Ranged Weapons | 1 2 3 4 5 6 7 8 9 10 | 10.6
Throwing       | 1 2 3 4 5 6 7 8 9 10 | 10.6
Dodging        | 1 2 3 4 5 6 7 8 9 10 | 10.6
Unarmed Combat | 1 2 3 4 5 6 7 8 9 10 | 10.6
Spellcasting   | 1 2 3 4 5 6 7 8 9 10 | 10.6
Conjurations   | 1 2 3 4 5 6 7 8 |  8.9
Hexes          | 1 2 3 4 5 6 7 8 |  8.9
Summonings     | 1 2 3 4 5 6 7 8 |  8.9
Necromancy     | 1 2 3 4 5 6 7 8 |  8.9
Translocations | 1 2 3 4 5 6 7 8 |  8.9
Transmutations | 1 2 3 4 5 6 7 8 |  8.9
Fire Magic     | 1 2 3 4 5 6 7 8 |  8.9
Ice Magic      | 1 2 3 4 5 6 7 8 |  8.9
Air Magic      | 1 2 3 4 5 6 7 8 |  8.9
Earth Magic    | 1 2 3 4 5 6 7 8 |  8.9
Poison Magic   | 1 2 3 4 5 6 7 8 |  8.9
Short Blades   | 5 6 7 8 9 10 11 | 11.6
Armour         | 5 6 7 8 9 10 11 | 11.6
Shields        | 5 6 7 8 9 10 11 | 11.6
Evocations     | 5 6 7 8 9 10 11 | 11.6
Stealth        | 5 6 7 8 9 10 11 | 11.4

Action                   |  1- 3 |  4- 6 |  7- 9 | 10-12 | 13-15 | 16-18 || total
-------------------------+-------+-------+-------+-------+-------+-------++-------
Melee: Short sword       |   115 |     2 |       |       |       |       ||   117
       Bite              |     9 |     4 |    26 |   118 |   167 |    26 ||   350
       Whip              |       |    29 |       |       |       |       ||    29
       Hand axe          |       |    32 |   339 |   278 |       |       ||   649
       Quick blade       |       |       |       |   365 |   394 |       ||   759
       Scimitar          |       |       |       |       |   562 |   169 ||   731
Throw: Dart              |       |       |     5 |     4 |       |       ||     9
 Cast: Statue Form       |       |       |       |       |       |     3 ||     3
       Manifold Assault  |       |       |       |       |       |     2 ||     2
Evoke: Wand              |       |     5 |     2 |     6 |     3 |       ||    16
  Use: Potion            |       |     1 |     4 |       |     5 |       ||    10
       Scroll            |       |       |    12 |    19 |     8 |     3 ||    42
 Stab: Sleeping          |     9 |     4 |    13 |    16 |    36 |     2 ||    80
       Invisible         |       |     1 |       |     1 |       |       ||     2
       Distracted        |       |       |     2 |     7 |     1 |     2 ||    12
Armor: Leather armour    |    41 |    16 |    20 |       |       |       ||    77
       Ring mail         |       |       |    77 |    66 |       |       ||   143
       Troll leather arm |       |       |       |    42 |   244 |    16 ||   302
       Skin              |       |       |       |       |       |    47 ||    47
Dodge: Dodged            |    36 |    19 |   163 |   244 |   861 |   144 ||  1467
Block: Buckler           |    40 |    18 |   133 |   404 |   614 |   108 ||  1317
       Reflection        |       |       |       |    21 |     4 |       ||    25

Table legend: (Time is in decaauts)
 A = Elapsed time spent in this place.
 B = Non-inter-level travel time spent in this place.
 C = Inter-level travel time spent in this place.
 D = Time resting spent in this place.
 E = Time spent auto-exploring this place.
 F = Levels seen in this place.
 G = Mean time per level.
                   A        B        C        D        E       F      G
               +--------+--------+--------+--------+--------+-----+--------+
         Total |  29500 |  27718 |   1782 |    781 |  21094 |  24 | 1229.2 |
       Dungeon |  17773 |  16625 |   1148 |    688 |  12815 |  14 | 1269.5 |
        Temple |      1 |      1 |      0 |      0 |      0 |   1 |    1.0 |
          Lair |   9978 |   9345 |    633 |     85 |   7345 |   5 | 1995.6 |
         Abyss |    421 |    421 |      0 |      0 |    122 |   2 |  210.5 |
        Bailey |    638 |    638 |      0 |      0 |    410 |   1 |  638.0 |
      Gauntlet |    686 |    686 |      0 |      8 |    401 |   1 |  686.0 |
               +--------+--------+--------+--------+--------+-----+--------+

Top non-repeatable levels by time:
  Lair:5: 2740 daAuts
  Lair:1: 2481 daAuts
  Lair:4: 1902 daAuts
     D:9: 1884 daAuts
    D:12: 1784 daAuts
     D:4: 1684 daAuts
  Lair:2: 1597 daAuts
     D:5: 1513 daAuts
     D:7: 1372 daAuts
    D:10: 1324 daAuts
  Lair:3: 1255 daAuts
    D:11: 1199 daAuts
    D:14: 1129 daAuts
     D:6: 1124 daAuts
     D:3: 1011 daAuts
